 Dungeon Crawl Stone Soup version 0.28.0-45-g0d030f2227 (webtiles) character file.

Game seed: 3027926712481372371

235 Peloso the Covered (level 5, 0/47 HPs)
             Began as a Minotaur Fighter on Mar 31, 2022.
             Slain by a kobold brigand
             ... wielding a +0 club
              (3 damage)
             ... on level 3 of the Dungeon.
             The game lasted 00:02:28 (1923 turns).

Peloso the Covered (Minotaur Fighter)               Turns: 1923, Time: 00:02:29

Health: 0/47       AC:  7    Str: 20    XL:     5   Next: 76%
Magic:  4/4        EV:  9    Int:  5    God:
Gold:   90         SH:  5    Dex: 12    Spells: 4/4 levels left

rFire   . . .      SeeInvis .   a - +0 long sword
rCold   . . .      Faith    .   c - +0 buckler
rNeg    . . .      Spirit   .   b - +0 scale mail
rPois   .          Reflect  .   (helmet restricted)
rElec   .          Harm     .   j - scarf {repulsion}
rCorr   .          Rampage  .   (no gloves)
Will    .....                   (no boots)
Stlth   ..........              (no amulet)
HPRegen 0.15/turn               (no ring)
MPRegen 0.09/turn               (no ring)

@: repel missiles
A: horns 2, retaliatory headbutt
a: no special abilities


You were on level 3 of the Dungeon.
You visited 1 branch of the dungeon, and saw 3 of its levels.

You collected 90 gold pieces.

Inventory:

Hand Weapons
 a - a +0 long sword (weapon)
Armour
 b - a +0 scale mail (worn)
 c - a +0 buckler (worn)
 j - a scarf of repulsion (worn)
Scrolls
 e - a scroll of brand weapon {unknown}
 f - 7 scrolls of identify {unknown}
 g - 2 scrolls of amnesia {unknown}
 i - a scroll of vulnerability {unknown}
Potions
 d - 3 potions of might
 h - a potion of magic {unknown}
 k - a potion of lignification {unknown}


   Skills:
 + Level 4.8 Fighting
 + Level 4.1 Long Blades
 + Level 5.3 Armour
 + Level 1.3 Dodging
 + Level 4.5 Shields


You had 4 spell levels left.
You didn't know any spells.
Your spell library contained the following spells:

 Spells                   Type           Power      Damage    Failure   Level
 Ozocubu's Armour         Ice            0%         N/A       99%         3
 Ozocubu's Refrigeration  Ice            0%         4d5       100%        7


Dungeon Overview and Level Annotations

Branches:
Dungeon (3/15)

Altars:

Shops:
D:2 (


Innate Abilities, Weirdness & Mutations

You have a pair of horns on your head.
You reflexively headbutt those who attack you in melee.


Message History

You block the curare-tipped dart.
You see here a +0 dagger.
A kobold brigand is nearby!
The kobold brigand throws a curare-tipped dart.
The curare-tipped dart hits you.
You are poisoned.
You have difficulty breathing.
You feel yourself slow down.
You feel sick.
The kobold shouts!
You feel sick.
The kobold brigand hits you with a +0 club.
You closely miss the kobold brigand.
You feel sick. You block the kobold brigand's attack.
The kobold brigand hits you with a +0 club.
The kobold brigand completely misses you.
You furiously retaliate!
You headbutt the kobold brigand. The kobold hits you with a +0 dagger.
You barely miss the kobold. You headbutt the kobold.
The kobold is severely wounded.
You feel sick.
You are no longer poisoned.
You block the kobold brigand's attack.
The kobold brigand hits you with a +0 club!
The kobold hits you but does no damage.
The kobold brigand hits you with a +0 club.
* * * LOW HITPOINT WARNING * * *
The kobold brigand hits you with a +0 club.
* * * LOW HITPOINT WARNING * * *
The kobold brigand hits you with a +0 club!
* * * LOW HITPOINT WARNING * * *
The kobold brigand barely misses you.
The kobold brigand hits you with a +0 club.
* * * LOW HITPOINT WARNING * * *
Items here: ))) ††.
You barely miss the kobold brigand.
The kobold brigand is lightly wounded.
You feel yourself speed up. The kobold brigand barely misses you.
The kobold brigand hits you with a +0 club.
You die...

#.##.......##
#.########### # #.# # ..
#.# ## #. #.# ##. ####.
##.### ##.. ##....#
#..#.## ##...
#......######.#...####....
......KKK@...........')...
#..>#..g#####.#...####....
........# #^...## ##...
###..#..### #..#.# ##..
#.##..#≈####...# ##.
#.##..#≈≈# ##.## ## #
#..##≈≈## #.# #
#..#≈≈≈≈###.#### #
#..#≈≈≈≈.......# ##


You could see 2 kobold brigands, a hobgoblin and a kobold.

Vanquished Creatures
  Sigmund (D:2)
  3 adders (D:2)
  A worm (D:2)
  4 dart slugs
  An orc (D:3)
  3 endoplasms
  A giant cockroach (D:1)
  6 hobgoblins
  8 jackals
  2 quokkas (D:1)
  2 ball pythons (D:1)
  3 bats
  6 goblins
  11 kobolds
  4 rats
56 creatures vanquished.

Notes
Turn   | Place    | Note
-------+----------+-------------------------------------------
     0 | D:1      | Peloso the Minotaur Fighter began the quest for the Orb.
     0 | D:1      | Reached XP level 1. HP: 19/19 MP: 0/0
   151 | D:1      | Reached XP level 2. HP: 27/27 MP: 1/1
   207 | D:1      | Found a faded altar of an unknown god.
   344 | D:1      | Reached skill level 4 in Armour
   488 | D:1      | Reached XP level 3. HP: 31/33 MP: 2/2
   915 | D:2      | Reached XP level 4. HP: 28/41 MP: 3/3
  1062 | D:2      | Found Tyezu's Weapon Boutique.
  1414 | D:2      | Noticed Sigmund
  1430 | D:2      | Killed Sigmund
  1431 | D:2      | Reached skill level 5 in Armour
  1431 | D:2      | Reached skill level 1 in Dodging
  1431 | D:2      | Reached XP level 5. HP: 32/47 MP: 4/4
  1923 | D:3      | Slain by a kobold brigand

Illustrated notes

Levels and vault maps discovered:
D:1:      dpeg_arrival_simpleton_c, layout_rooms,
          chequers_ecumenical_altar_simple
D:2:      layout_basic, serial_shops, shop_fountains, uniq_sigmund
D:3:      cheibrodos_thug_alley, layout_loops_corners

Skill      XL: |  1  2  3  4 |
---------------+-------------+-----
Fighting       | 4 |  4.8
Armour         | 4 5 |  5.3
Shields        | 4 |  4.5
Long Blades    | 3 4 |  4.1
Dodging        | 1 |  1.3

Action                   |  1- 3 |  4- 6 || total
-------------------------+-------+-------++-------
Melee: Long sword        |    65 |    46 ||   111
       Headbutt          |    12 |     9 ||    21
Armor: Scale mail        |    60 |    17 ||    77
Dodge: Dodged            |    48 |    17 ||    65
Block: Buckler           |    28 |    18 ||    46
